 Dungeon Crawl Stone Soup version 0.20.1-1-g8b1a95d (webtiles) character file.

22 letownia2 the Grave Robber (level 2, -1/22 HPs)
             Began as a Deep Dwarf Necromancer on Dec 3, 2017.
             Killed by nerve-wracking pain
             ... invoked by a shadow imp
              (12 damage)
             ... on level 5 of the Dungeon.
             The game lasted 00:04:27 (1538 turns).

letownia2 the Grave Robber (Deep Dwarf Necromancer) Turns: 1538, Time: 00:04:29

Health: -1/22      AC:  3    Str: 11    XL:     2   Next: 68%
Magic:  5/5        EV: 12    Int: 15    God:
Gold:   100        SH:  0    Dex: 13    Spells: 5/6 levels left

rFire    . . .     SeeInvis .   (no weapon)
rCold    . . .     Gourm    .   (no shield)
rNeg     . . .     Faith    .   i - +0 leather armour
rPois    .         Spirit   .   (no helmet)
rElec    .         Reflect  .   (no cloak)
rCorr    .         Harm     .   (no gloves)
MR       +....                  (no boots)
Stlth    ++........             (no amulet)
Regen    0.0/turn               k - ring of protection from magic
MPRegen  0.1/turn               (no ring)

@: non-regenerating
A: damage resistance, heal wounds, sense surroundings 1, no regeneration
a: Heal Wounds


You were on level 5 of the Dungeon.
You were not hungry.

You visited 1 branch of the dungeon, and saw 5 of its levels.

You collected 100 gold pieces.

Inventory:

Missiles
 h - 11 tomahawks (quivered)
Armour
 a - a +0 robe
 i - a +0 leather armour (worn)
 o - a +0 ring mail
Jewellery
 k - a ring of protection from magic (left hand)
Wands
 j - a wand of random effects (26/48)
 n - a wand of disintegration (6/24)
Scrolls
 f - 2 scrolls of teleportation {unknown}
Potions
 d - a potion of cancellation {unknown}
 e - a potion of agility {unknown}
 g - a potion of heal wounds {unknown}
 m - a potion of berserk rage {unknown}
Books
 b - a book of Necromancy

   Spells                             Type                      Level
   a - Pain                           Necromancy                   1
   b - Animate Skeleton               Necromancy                   1
   c - Vampiric Draining              Necromancy                   3
   d - Regeneration                   Charms/Necromancy            3
   e - Animate Dead                   Necromancy                   4
   f - Control Undead                 Necromancy                   4
Comestibles
 c - 4 bread rations
 l - a chunk of flesh
 p - a royal jelly


   Skills:
 - Level 2.1 Dodging
 - Level 2.4 Stealth
 + Level 2.5 Spellcasting
 + Level 4.7 Necromancy


You had 5 spell levels left.
You knew the following spells:

 Your Spells              Type           Power        Failure   Level  Hunger
a - Pain                  Necr           ###.         4%          1    #......


Dungeon Overview and Level Annotations

Branches:
Dungeon (5/15)
 Temple: D:4-7

Altars:
Hepliaklqana

Shops:
D:5 ((

Annotations:
D:2 1 runed door
D:3 Natasha, Terence
D:4 Thyosulf's ghost, novice MiMo


Innate Abilities, Weirdness & Mutations

You are resistant to damage.
You can heal yourself by infusing magical energy.
You passively map a small area around you.
You do not regenerate.


Message History

Some of the chunks of flesh in your inventory have rotted away.
The crimson imp blinks!
You open the door.
There is an open door here.
The crimson imp blinks!
You open the door.
There is an open door here.
Found a royal jelly.
Found 27 stones.
A shadow imp comes into view.
The shadow imp shouts, "Take thy face hence, thou puking miscreant pissant!"
You see here a royal jelly.
You see here a royal jelly.
p - a royal jelly The shadow imp gestures at you.
You resist with some effort. The shadow imp gestures at you.
Pain shoots through your body!
Ouch! That really hurt!
You die...

+.. ** .., , , #. , *,
... ,, #. , ...###### , ,
, ........# , , , *
...(....+, * ,, , *
*+#.....# ,, ,, , , ,
,,#.....# , , ,,
+....@#############*
###........5........., ,
, ........#...#...#...# ,
, .....................,
, , ........#...#...#...#
........5............ , ,
........################
........##'###.....#'#.ยง
*
...#####..............##


You could see a crimson imp and a shadow imp.

Vanquished Creatures
  An ooze (D:2)
  A dart slug (D:3)
  A hobgoblin (D:4)
  2 jackals (D:5)
  A quokka (D:5)
  4 bats
  2 frilled lizards (D:4)
  A jackal zombie (D:2)
  2 kobolds
  2 rats
17 creatures vanquished.

Notes
Turn   | Place    | Note
-------+----------+-------------------------------------------
     0 | D:1      | letownia2 the Deep Dwarf Necromancer began the quest for the Orb.
     0 | D:1      | Reached XP level 1. HP: 15/15 MP: 3/3
   265 | D:2      | Noticed a human
   266 | D:2      | Found a runed door.
   324 | D:2      | Reached XP level 2. HP: 22/22 MP: 1/5
   617 | D:4      | Noticed an ogre
   710 | D:3      | Noticed Terence
   712 | D:3      | Noticed Natasha
   808 | D:4      | Found a hazy altar of Hepliaklqana.
  1093 | D:4      | Noticed Thyosulf's ghost (novice MiMo)
  1189 | D:4      | Noticed a phantom
  1262 | D:5      | Entered Level 5 of the Dungeon
  1295 | D:5      | Found Juanaw's Weapon Boutique.
  1455 | D:5      | Noticed a crimson imp
  1494 | D:5      | Found Buxyaky's Antique Weapon Emporium.
  1538 | D:5      | Killed from afar by a shadow imp

Skill      XL: |  1 |
---------------+----+-----
Spellcasting   | 2 |  2.5
Dodging        | |  2.1
Stealth        | |  2.4
Necromancy     | |  4.7

Action                   || total
-------------------------++-------
Melee: Unarmed           ||    25
 Cast: Pain              ||    35
 Stab: Sleeping          ||     1
  Eat: Chunk             ||     2
Armor: Robe              ||    10
Dodge: Dodged            ||    37
